Los Angeles Kings vs Nashville Predators

Created - mercredi, 31 janvier 2024 at 19:00

Goals
1 2 3 OT1 T
Los Angeles Kings 3 1 0 1 5
Nashville Predators 2 0 2 0 4
Shots
1 2 3 OT1 T
Los Angeles Kings 10 12 13 3 38
Nashville Predators 14 6 13 0 33

1st period

1. Nashville Predators , Haydn Fleury 2 (Robin Salo 1, Craig Smith 6) at 4:45
2. Los Angeles Kings , Tyler Toffoli 20 (Brock Boeser 23, Andrew Peeke 11) at 11:56 (PP)
3. Nashville Predators , Matt Duchene 14 (Kevin Fiala 14) at 15:13
4. Los Angeles Kings , Brock Boeser 12 (Tyler Toffoli 23) at 18:22
5. Los Angeles Kings , Adrian Kempe 20 (Blake Lizotte 13) at 18:49

Penalties :
Michael Amadio (LAK) for Slashing (Minor) at 1:19, Dante Fabbro (NSH) for Hooking (Minor) at 11:36

2nd period

6. Los Angeles Kings , Alex Iafallo 12 (Philip Tomasino 9, Trevor Lewis 11) at 14:53

Penalties :
Kaapo Kahkonen (NSH) for Delaying the game (Minor) at 4:51 - Connor Murphy served the penalty.

3rd period

7. Nashville Predators , Ryan Johansen 8 (Filip Forsberg 23, Seth Jarvis 25) at 10:55
8. Nashville Predators , Roman Josi 9 (Matt Duchene 14) at 19:56

Penalties :
Tyler Toffoli (LAK) for Hooking (Minor) at 4:50, Austin Watson (NSH) for Fighting (Major) at 7:30, Mikey Anderson (LAK) for Fighting (Major) at 7:30, Roman Josi (NSH) for Tripping (Minor) at 17:11, Kaapo Kahkonen (NSH) for Slashing (Minor) at 17:35 - Connor Murphy served the penalty.

Overtime #1

9. Los Angeles Kings , Brock Boeser 13 (Alex Iafallo 18, Joel Edmundson 10) at 1:40

Penalties :
No Penalty

Goalie Stats

Jack Campbell (LAK), 29 saves from 33 shots - (0.879), W, 16-14-1, 61:41 minutes
Kaapo Kahkonen (NSH), 33 saves from 38 shots - (0.868), OTL, 9-14-3, 61:32 minutes

Players Stats for Los Angeles Kings

Player Name              G  A  P  +/- PIM S  H  SB GA TA FO     MP     PP MP  PK MP  
------------------------------------------------------------------------------------
Adrian Kempe             1  0  1   2  0   4  3  1  0  0  11/23  24:29   1:59   0:09 
Alex Iafallo             1  1  2  -1  0   3  3  0  0  0  3/4    20:28   1:36   1:48 
Alexander Edler          0  0  0  -1  0   1  1  1  0  0  0/0    17:37   1:56   0:36 
Andrew Peeke             0  1  1  -1  0   0  0  1  0  0  0/0    19:32   1:56   1:48 
Blake Lizotte            0  1  1   0  0   1  0  0  0  0  12/16  10:53   0:29   0:00 
Brock Boeser             2  1  3   2  0   9  1  0  0  0  1/4    18:17   3:02   2:01 
Drew Doughty             0  0  0  -1  0   1  1  0  0  0  0/0    19:07   0:59   0:09 
Dylan Guenther           0  0  0  -1  0   1  3  0  0  0  0/0    13:12   0:04   0:00 
Jacob Bryson             0  0  0  -1  0   0  2  0  0  0  0/0     5:36   0:00   0:00 
Jaret Anderson-Dolan     0  0  0  -1  0   1  3  0  0  0  0/3    13:08   0:00   0:00 
Joel Edmundson           0  1  1   3  0   0  0  0  0  0  0/0    19:41   1:47   1:57 
Michael Amadio           0  0  0   1  2   2  0  0  0  0  5/7    12:32   2:14   0:47 
Mikey Anderson           0  0  0  -1  5   1  3  3  0  0  0/0    22:02   1:51   2:01 
Patrik Nemeth            0  0  0   1  0   1  1  0  0  0  0/0    18:05   0:55   1:25 
Philip Tomasino          0  1  1  -1  0   2  0  0  0  0  0/0    17:29   1:33   0:00 
Rasmus Kupari            0  0  0  -1  0   1  2  0  0  0  6/17   15:05   0:00   1:57 
Trevor Lewis             0  1  1  -2  0   1  1  0  0  0  12/21  16:21   0:07   0:00 
Tyler Toffoli            1  1  2   1  2   9  0  0  0  0  1/3    17:28   3:02   1:14 

Players Stats for Nashville Predators

Player Name              G  A  P  +/- PIM S  H  SB GA TA FO     MP     PP MP  PK MP  
------------------------------------------------------------------------------------
Anthony Beauvillier      0  0  0  -1  0   3  0  0  0  0  1/1    15:40   1:38   0:10 
Austin Watson            0  0  0  -1  5   4  3  0  0  0  11/24  14:22   0:00   1:30 
Connor Murphy            0  0  0   0  0   0  1  2  0  0  0/0    19:29   2:03   0:24 
Craig Smith              0  1  1   1  0   1  0  0  0  0  4/12   11:41   0:00   2:08 
Dante Fabbro             0  0  0  -1  2   0  1  2  0  0  0/0    19:06   0:00   0:57 
Filip Chytil             0  0  0   1  0   0  0  1  0  0  0/1    16:07   1:38   0:37 
Filip Forsberg           0  1  1   0  0   5  4  1  0  0  0/2    18:50   1:46   0:25 
Haydn Fleury             1  0  1   2  0   1  2  1  0  0  0/0     9:47   0:00   1:18 
Kevin Fiala              0  1  1   1  0   0  1  1  0  0  2/3    20:35   0:51   2:00 
Matt Duchene             1  1  2   1  0   5  0  0  0  0  15/23  19:00   1:46   1:29 
Matt Martin              0  0  0   1  0   0  0  0  0  0  0/1    11:26   0:00   0:51 
Nick Ritchie             0  0  0  -1  0   3  1  0  0  0  0/1    16:12   1:29   0:58 
Parker Wotherspoon       0  0  0  -1  0   1  1  5  0  0  0/0    18:13   0:00   0:52 
Robin Salo               0  1  1   3  0   0  0  2  0  0  0/0    18:42   0:48   1:51 
Roman Josi               1  0  1  -2  2   4  1  2  0  0  0/0    25:20   1:24   1:32 
Ryan Johansen            1  0  1  -1  0   4  0  0  0  0  12/27  16:46   2:12   0:00 
Sam Poulin               0  0  0   1  0   0  0  0  0  0  1/2    11:03   2:03   0:00 
Seth Jarvis              0  1  1  -1  0   2  0  0  0  0  1/1    16:24   2:12   0:11 

3 Stars

1 - Brock Boeser (LAK)
2 - Adrian Kempe (LAK)
3 - Alex Iafallo (LAK)

Power Play

Los Angeles Kings - 1 on 4 Attempt(s) - 25.00%
Nashville Predators - 0 on 2 Attempt(s) - 0.00%

Penalty Kill

Los Angeles Kings - 2 on 2 Attempt(s) - 100.00% - Score 0 goal in Penalty Kill
Nashville Predators - 3 on 4 Attempt(s) - 75.00% - Score 0 goal in Penalty Kill

Team Stat

Los Angeles Kings - Hits : 24 - Faceoff Wins : 51 - Blocked Shots : 6 - Penalty Minutes : 9
Nashville Predators - Hits : 15 - Faceoff Wins : 47 - Blocked Shots : 17 - Penalty Minutes : 13

Official

Referees : Kelly Sutherland and Furman South
Linesman : Bryan Pancich and Bevan Mills

Game Notes

Haydn Fleury is injured at 10:59 of 2nd period (Bruised Right Foot)
Austin Watson beats up Mikey Anderson at 7:30 of 3rd period

Finance

Level 1 -- Attendance: 8725 (87.25%) -- Ticket Income $ 759 075
Level 2 -- Attendance: 1684 (84.20%) -- Ticket Income $ 126 300
Level 3 -- Attendance: 3031 (86.60%) -- Ticket Income $ 133 364
Level 4 -- Attendance: 1074 (74.07%) -- Ticket Income $ 33 294
Luxury Box -- Attendance: 40 (80.00%) -- Ticket Income $ 8 840
Game was played at the Bridgestone Arena.
Total Attendance: 14554 (85.61%)
Total Ticket Income: $ 1 060 873
Total Income: $ 1 060 873

Los Angeles Kings

5 vs 5 Forward 
   Center                   Left Wing                Right Wing               Time % Phy DF OF 
 1 Adrian Kempe             Tyler Toffoli            Brock Boeser             30     0   2  3  
 2 Trevor Lewis             Alex Iafallo             Philip Tomasino          30     1   2  2  
 3 Blake Lizotte            Michael Amadio           Adrian Kempe             25     1   3  1  
 4 Rasmus Kupari            Dylan Guenther           Jaret Anderson-Dolan     15     1   3  1  

5 vs 5 Defense 
   Defense                  Defense                                           Time % Phy DF OF 
 1 Drew Doughty             Mikey Anderson                                    34     1   2  2  
 2 Andrew Peeke             Alexander Edler                                   33     1   2  2  
 3 Patrik Nemeth            Joel Edmundson                                    33     1   2  2  
 4 Jacob Bryson             Mikey Anderson                                    0      1   2  2  

PowerPlay Forward 
   Center                   Left Wing                Right Wing               Time % Phy DF OF 
 1 Michael Amadio           Tyler Toffoli            Brock Boeser             50     0   1  4  
 2 Alex Iafallo             Adrian Kempe             Philip Tomasino          50     0   1  4  

PowerPlay Defense
   Defense                  Defense                                           Time % Phy DF OF 
 1 Joel Edmundson           Mikey Anderson                                    50     0   2  3  
 2 Andrew Peeke             Alexander Edler                                   50     0   2  3  

Penalty Kill 4 Players Forward 
   Center                   Wing                     Time % Phy DF OF 
 1 Brock Boeser             Michael Amadio           50     1   4  0  
 2 Alex Iafallo             Rasmus Kupari            50     1   4  0  

Penalty Kill 4 Players Defense
   Defense                  Defense                  Time % Phy DF OF 
 1 Patrik Nemeth            Mikey Anderson           50     1   4  0  
 2 Joel Edmundson           Andrew Peeke             50     1   4  0  

Penalty Kill - 3 Players Forward 
   Forward                                           Time % Phy DF OF 
 1 Alex Iafallo                                      50     0   5  0  
 2 Brock Boeser                                      50     0   5  0  

Penalty Kill - 3 Players Defense
   Defense                  Defense                  Time % Phy DF OF 
 1 Alexander Edler          Mikey Anderson           50     1   4  0  
 2 Andrew Peeke             Joel Edmundson           50     1   4  0  

4 vs 4 Forward 
   Center                   Wing                     Time % Phy DF OF 
 1 Adrian Kempe             Michael Amadio           50     1   2  2  
 2 Brock Boeser             Alex Iafallo             50     1   2  2  

4 vs 4 Defense
   Defense                  Defense                  Time % Phy DF OF 
 1 Drew Doughty             Mikey Anderson           50     1   2  2  
 2 Andrew Peeke             Alexander Edler          50     1   2  2  

Last Minutes Offensive
   Center                   Left Wing                Right Wing               Defense                  Defense                  
   Adrian Kempe             Tyler Toffoli            Brock Boeser             Drew Doughty             Mikey Anderson           

Last Minutes Defensive
   Center                   Left Wing                Right Wing               Defense                  Defense                  
   Adrian Kempe             Trevor Lewis             Alex Iafallo             Drew Doughty             Mikey Anderson           

Goaltenders
Starting : Jack Campbell            
Backup : Cal Petersen             

Extra Forwards
Normal : Alex Iafallo, Michael Amadio, Brock Boeser - PP : Brock Boeser, Michael Amadio - PK : Alex Iafallo
Extra Defensemen
Normal : Patrik Nemeth, Joel Edmundson, Andrew Peeke - PP : Patrik Nemeth - PK : Alexander Edler, Patrik Nemeth
Penalty Shots
Tyler Toffoli, Adrian Kempe, Brock Boeser, Alex Iafallo, Michael Amadio
Custom OT Lines Forwards
Adrian Kempe, Tyler Toffoli, Brock Boeser, Alex Iafallo, Philip Tomasino, Trevor Lewis, Jaret Anderson-Dolan, Michael Amadio, Rasmus Kupari, Dylan Guenther
Custom OT Lines Defensemen
Joel Edmundson, Mikey Anderson, Andrew Peeke, Alexander Edler, Patrik Nemeth

Scratches
Pontus Holmberg (Sprained Right Finger Injury), Matt Luff (Healthy), Max Pacioretty (Healthy), Austin Strand (Healthy)

Nashville Predators

5 vs 5 Forward 
   Center                   Left Wing                Right Wing               Time % Phy DF OF 
 1 Ryan Johansen            Seth Jarvis              Filip Forsberg           30     1   1  3  
 2 Matt Duchene             Filip Chytil             Kevin Fiala              30     1   1  3  
 3 Austin Watson            Nick Ritchie             Anthony Beauvillier      25     1   3  1  
 4 Craig Smith              Matt Martin              Sam Poulin               15     1   3  1  

5 vs 5 Defense 
   Defense                  Defense                                           Time % Phy DF OF 
 1 Roman Josi               Connor Murphy                                     33     1   3  1  
 2 Dante Fabbro             Parker Wotherspoon                                32     1   3  1  
 3 Robin Salo               Haydn Fleury                                      30     1   3  1  
 4 Roman Josi               Connor Murphy                                     5      1   3  1  

PowerPlay Forward 
   Center                   Left Wing                Right Wing               Time % Phy DF OF 
 1 Nick Ritchie             Matt Duchene             Filip Forsberg           50     1   0  4  
 2 Ryan Johansen            Filip Chytil             Seth Jarvis              50     1   0  4  

PowerPlay Defense
   Defense                  Defense                                           Time % Phy DF OF 
 1 Roman Josi               Anthony Beauvillier                               50     1   0  4  
 2 Sam Poulin               Connor Murphy                                     50     1   0  4  

Penalty Kill 4 Players Forward 
   Center                   Wing                     Time % Phy DF OF 
 1 Craig Smith              Anthony Beauvillier      50     1   2  2  
 2 Austin Watson            Nick Ritchie             50     1   2  2  

Penalty Kill 4 Players Defense
   Defense                  Defense                  Time % Phy DF OF 
 1 Roman Josi               Connor Murphy            50     1   2  2  
 2 Dante Fabbro             Robin Salo               50     1   2  2  

Penalty Kill - 3 Players Forward 
   Forward                                           Time % Phy DF OF 
 1 Craig Smith                                       50     1   2  2  
 2 Austin Watson                                     50     1   2  2  

Penalty Kill - 3 Players Defense
   Defense                  Defense                  Time % Phy DF OF 
 1 Roman Josi               Connor Murphy            50     1   2  2  
 2 Dante Fabbro             Robin Salo               50     1   2  2  

4 vs 4 Forward 
   Center                   Wing                     Time % Phy DF OF 
 1 Anthony Beauvillier      Matt Duchene             50     1   2  2  
 2 Filip Forsberg           Ryan Johansen            50     1   2  2  

4 vs 4 Defense
   Defense                  Defense                  Time % Phy DF OF 
 1 Roman Josi               Connor Murphy            50     1   2  2  
 2 Dante Fabbro             Haydn Fleury             50     1   2  2  

Last Minutes Offensive
   Center                   Left Wing                Right Wing               Defense                  Defense                  
   Kevin Fiala              Matt Duchene             Filip Forsberg           Roman Josi               Connor Murphy            

Last Minutes Defensive
   Center                   Left Wing                Right Wing               Defense                  Defense                  
   Kevin Fiala              Matt Duchene             Filip Forsberg           Roman Josi               Connor Murphy            

Goaltenders
Starting : Kaapo Kahkonen           
Backup : Mads Sogaard             

Extra Forwards
Normal : Anthony Beauvillier, Nick Ritchie, Matt Martin - PP : Anthony Beauvillier, Nick Ritchie - PK : Matt Martin
Extra Defensemen
Normal : Robin Salo, Haydn Fleury, Dante Fabbro - PP : Robin Salo - PK : Haydn Fleury, Dante Fabbro
Penalty Shots
Anthony Beauvillier, Matt Duchene, Filip Forsberg, Ryan Johansen, Filip Chytil
Custom OT Lines Forwards
Kevin Fiala, Matt Duchene, Filip Forsberg, Ryan Johansen, Filip Chytil, Seth Jarvis, Anthony Beauvillier, Nick Ritchie, Matt Martin, Craig Smith
Custom OT Lines Defensemen
Roman Josi, Connor Murphy, Dante Fabbro, Haydn Fleury, Robin Salo

Scratches
Ethan Bear (Right Foot Injury), Nathan Beaulieu (Strained Left Elbow Injury), Kevin Lankinen (Right Eye Injury)

% Time on Ice - Los Angeles Kings

Lines # - Real PCT - Wanted PCT - Time Play
Normal Forward
1 - 24% - 30% - 12:20
2 - 31% - 30% - 15:52
3 - 19% - 25% - 9:38
4 - 26% - 15% - 13:08
Normal Defense
1 - 31% - 34% - 16:01
2 - 30% - 33% - 15:05
3 - 29% - 33% - 14:47
4 - 10% - 0% - 5:05
PP Forward
1 - 67% - 50% - 3:09
2 - 33% - 50% - 1:33
PP Defense
1 - 49% - 50% - 2:17
2 - 51% - 50% - 2:25
PK Forward
1 - 51% - 50% - 2:01
2 - 49% - 50% - 1:57
PK Defense
1 - 51% - 50% - 2:01
2 - 49% - 50% - 1:57
PK3 Forward
1 - 0% - 50%
2 - 0% - 50%
PK3 Defense
1 - 0% - 50%
2 - 0% - 50%
44 Forward
1 - 0% - 50%
2 - 0% - 50%
44 Defense
1 - 0% - 50%
2 - 0% - 50%
Last Minute Offensive  - 0:00
Last Minute Defensive  - 0:22
Total
Forward - 60:00
Defense - 60:00

% Time on Ice - Nashville Predators

Lines # - Real PCT - Wanted PCT - Time Play
Normal Forward
1 - 28% - 30% - 14:01
2 - 27% - 30% - 13:39
3 - 27% - 25% - 13:45
4 - 19% - 15% - 9:33
Normal Defense
1 - 29% - 33% - 14:43
2 - 32% - 32% - 16:10
3 - 38% - 30% - 19:37
4 - 1% - 5% - 0:28
PP Forward
1 - 45% - 50% - 1:46
2 - 55% - 50% - 2:12
PP Defense
1 - 48% - 50% - 1:55
2 - 52% - 50% - 2:03
PK Forward
1 - 63% - 50% - 1:58
2 - 37% - 50% - 1:09
PK Defense
1 - 89% - 50% - 2:47
2 - 11% - 50% - 0:20
PK3 Forward
1 - 62% - 50% - 0:59
2 - 38% - 50% - 0:36
PK3 Defense
1 - 100% - 50% - 1:35
2 - 0% - 50% - 0:00
44 Forward
1 - 0% - 50%
2 - 0% - 50%
44 Defense
1 - 0% - 50%
2 - 0% - 50%
Last Minute Offensive  - 0:22
Last Minute Defensive  - 0:00
Total
Forward - 60:00
Defense - 60:00

Play-by-Play

1st period


0:01 of 1st period - Ryan Johansen wins face-off versus Brock Boeser in neutral zone.
0:03 of 1st period - Roman Josi is hit by Mikey Anderson and loses puck.
0:14 of 1st period - Shot by Tyler Toffoli.
0:14 of 1st period - Stopped by Kaapo Kahkonen without a rebound.
0:15 of 1st period - Matt Duchene wins face-off versus Trevor Lewis in Nashville Predators zone.
1:12 of 1st period - Shot by Michael Amadio.
1:12 of 1st period - Stopped by Kaapo Kahkonen with a rebound.
1:19 of 1st period - Minor Penalty to Michael Amadio for Slashing.
1:20 of 1st period - Ryan Johansen wins face-off versus Tyler Toffoli in Los Angeles Kings zone.
1:25 of 1st period - Shot by Seth Jarvis.
1:25 of 1st period - Shot Misses the Net.
2:41 of 1st period - Shot by Seth Jarvis.
2:41 of 1st period - Shot Blocked by Mikey Anderson.
3:37 of 1st period - Icing by Drew Doughty.
3:38 of 1st period - Blake Lizotte wins face-off versus Austin Watson in Los Angeles Kings zone.
3:47 of 1st period - Shot by Blake Lizotte.
3:47 of 1st period - Shot Blocked by Robin Salo.
3:49 of 1st period - Shot by Adrian Kempe.
3:49 of 1st period - Stopped by Kaapo Kahkonen without a rebound.
3:50 of 1st period - Matt Duchene wins face-off versus Rasmus Kupari in Nashville Predators zone.
3:50 of 1st period - Matt Duchene is hit by Dylan Guenther.
4:41 of 1st period - Shot by Craig Smith.
4:41 of 1st period - Shot Misses the Net.
4:43 of 1st period - Shot by Robin Salo.
4:43 of 1st period - Shot Blocked by Andrew Peeke.
4:45 of 1st period - Shot by Haydn Fleury.
4:45 of 1st period - Goal by Haydn Fleury - Los Angeles Kings : 0 - Nashville Predators : 1.
4:46 of 1st period - Blake Lizotte wins face-off versus Ryan Johansen in neutral zone.
5:07 of 1st period - Shot by Filip Forsberg.
5:07 of 1st period - Stopped by Jack Campbell without a rebound.
5:08 of 1st period - Adrian Kempe wins face-off versus Austin Watson in Los Angeles Kings zone.
5:08 of 1st period - Adrian Kempe is hit by Austin Watson.
5:16 of 1st period - Shot by Tyler Toffoli.
5:16 of 1st period - Shot Misses the Net.
5:18 of 1st period - Shot by Andrew Peeke.
5:18 of 1st period - Shot Blocked by Robin Salo.
5:22 of 1st period - Shot by Brock Boeser.
5:22 of 1st period - Stopped by Kaapo Kahkonen without a rebound.
5:23 of 1st period - Trevor Lewis wins face-off versus Craig Smith in Nashville Predators zone.
6:10 of 1st period - Shot by Filip Forsberg.
6:10 of 1st period - Stopped by Jack Campbell with a rebound.
6:12 of 1st period - Shot by Filip Forsberg.
6:12 of 1st period - Stopped by Jack Campbell without a rebound.
6:13 of 1st period - Tyler Toffoli wins face-off versus Austin Watson in Los Angeles Kings zone.
6:20 of 1st period - Shot by Brock Boeser.
6:20 of 1st period - Stopped by Kaapo Kahkonen without a rebound.
6:21 of 1st period - Ryan Johansen wins face-off versus Adrian Kempe in Nashville Predators zone.
6:32 of 1st period - Shot by Seth Jarvis.
6:32 of 1st period - Shot Misses the Net.
6:58 of 1st period - Haydn Fleury is hit by Adrian Kempe.
7:36 of 1st period - Icing by Haydn Fleury.
7:37 of 1st period - Ryan Johansen wins face-off versus Jaret Anderson-Dolan in Nashville Predators zone.
7:37 of 1st period - Ryan Johansen is hit by Dylan Guenther.
8:31 of 1st period - Dante Fabbro is hit by Rasmus Kupari and loses puck.
8:46 of 1st period - Shot by Alex Iafallo.
8:46 of 1st period - Shot Blocked by Dante Fabbro.
9:18 of 1st period - Shot by Anthony Beauvillier.
9:18 of 1st period - Stopped by Jack Campbell without a rebound.
9:19 of 1st period - Blake Lizotte wins face-off versus Craig Smith in Los Angeles Kings zone.
10:11 of 1st period - Alex Iafallo is hit by Connor Murphy and loses puck.
10:21 of 1st period - Philip Tomasino is hit by Roman Josi and loses puck.
10:33 of 1st period - Off-side.
10:34 of 1st period - Austin Watson wins face-off versus Adrian Kempe in neutral zone.
10:47 of 1st period - Shot by Anthony Beauvillier.
10:47 of 1st period - Stopped by Jack Campbell without a rebound.
10:48 of 1st period - Ryan Johansen wins face-off versus Rasmus Kupari in Los Angeles Kings zone.
11:36 of 1st period - Minor Penalty to Dante Fabbro for Hooking.
11:37 of 1st period - Michael Amadio wins face-off versus Austin Watson in Nashville Predators zone.
11:56 of 1st period - Shot by Tyler Toffoli.
11:56 of 1st period - Goal by Tyler Toffoli - Los Angeles Kings : 1 - Nashville Predators : 1.
11:57 of 1st period - Trevor Lewis wins face-off versus Kevin Fiala in neutral zone.
12:10 of 1st period - Alex Iafallo is hit by Haydn Fleury and loses puck.
12:36 of 1st period - Icing by Haydn Fleury.
12:37 of 1st period - Matt Duchene wins face-off versus Blake Lizotte in Nashville Predators zone.
12:37 of 1st period - Matt Duchene is hit by Adrian Kempe.
12:50 of 1st period - Icing by Kevin Fiala.
12:51 of 1st period - Matt Duchene wins face-off versus Rasmus Kupari in Nashville Predators zone.
12:51 of 1st period - Kevin Fiala is hit by Jaret Anderson-Dolan and loses puck.
12:55 of 1st period - Matt Duchene is hit by Rasmus Kupari and loses puck.
13:16 of 1st period - Shot by Nick Ritchie.
13:16 of 1st period - Stopped by Jack Campbell without a rebound.
13:17 of 1st period - Ryan Johansen wins face-off versus Adrian Kempe in Los Angeles Kings zone.
14:15 of 1st period - Shot by Philip Tomasino.
14:15 of 1st period - Stopped by Kaapo Kahkonen without a rebound.
14:16 of 1st period - Craig Smith wins face-off versus Trevor Lewis in Nashville Predators zone.
14:16 of 1st period - Craig Smith is hit by Alex Iafallo.
14:36 of 1st period - Shot by Matt Martin.
14:36 of 1st period - Shot Misses the Net.
14:59 of 1st period - Shot by Austin Watson.
14:59 of 1st period - Deflect By Anthony Beauvillier.
14:59 of 1st period - Shot Misses the Net.
15:01 of 1st period - Shot by Austin Watson.
15:01 of 1st period - Deflect By Anthony Beauvillier.
15:01 of 1st period - Shot Misses the Net.
15:03 of 1st period - Shot by Austin Watson.
15:03 of 1st period - Stopped by Jack Campbell without a rebound.
15:04 of 1st period - Matt Duchene wins face-off versus Rasmus Kupari in Los Angeles Kings zone.
15:11 of 1st period - Shot by Matt Duchene.
15:11 of 1st period - Shot Misses the Net.
15:13 of 1st period - Shot by Matt Duchene.
15:13 of 1st period - Goal by Matt Duchene - Los Angeles Kings : 1 - Nashville Predators : 2.
15:14 of 1st period - Blake Lizotte wins face-off versus Austin Watson in neutral zone.
15:21 of 1st period - Shot by Adrian Kempe.
15:21 of 1st period - Shot Blocked by Roman Josi.
15:23 of 1st period - Shot by Blake Lizotte.
15:23 of 1st period - Stopped by Kaapo Kahkonen without a rebound.
15:24 of 1st period - Matt Duchene wins face-off versus Rasmus Kupari in Nashville Predators zone.
15:28 of 1st period - Icing by Kevin Fiala.
15:29 of 1st period - Matt Duchene wins face-off versus Blake Lizotte in Nashville Predators zone.
15:35 of 1st period - Icing by Roman Josi.
15:36 of 1st period - Matt Duchene wins face-off versus Adrian Kempe in Nashville Predators zone.
15:43 of 1st period - Shot by Filip Chytil.
15:43 of 1st period - Shot Misses the Net.
15:49 of 1st period - Shot by Matt Duchene.
15:49 of 1st period - Shot Misses the Net.
15:52 of 1st period - Icing by Drew Doughty.
15:53 of 1st period - Adrian Kempe wins face-off versus Austin Watson in Los Angeles Kings zone.
15:53 of 1st period - Adrian Kempe is hit by Austin Watson.
16:09 of 1st period - Icing by Robin Salo.
16:10 of 1st period - Trevor Lewis wins face-off versus Austin Watson in Nashville Predators zone.
16:25 of 1st period - Shot by Austin Watson.
16:25 of 1st period - Stopped by Jack Campbell without a rebound.
16:26 of 1st period - Ryan Johansen wins face-off versus Rasmus Kupari in Los Angeles Kings zone.
16:29 of 1st period - Shot by Seth Jarvis.
16:29 of 1st period - Stopped by Jack Campbell without a rebound.
16:30 of 1st period - Ryan Johansen wins face-off versus Blake Lizotte in Los Angeles Kings zone.
16:35 of 1st period - Shot by Filip Forsberg.
16:35 of 1st period - Stopped by Jack Campbell without a rebound.
16:36 of 1st period - Blake Lizotte wins face-off versus Ryan Johansen in Los Angeles Kings zone.
16:45 of 1st period - Shot by Adrian Kempe.
16:45 of 1st period - Shot Misses the Net.
17:03 of 1st period - Shot by Ryan Johansen.
17:03 of 1st period - Stopped by Jack Campbell without a rebound.
17:04 of 1st period - Anthony Beauvillier wins face-off versus Trevor Lewis in Los Angeles Kings zone.
17:11 of 1st period - Shot by Nick Ritchie.
17:11 of 1st period - Stopped by Jack Campbell without a rebound.
17:12 of 1st period - Matt Duchene wins face-off versus Rasmus Kupari in Los Angeles Kings zone.
18:08 of 1st period - Icing by Connor Murphy.
18:09 of 1st period - Austin Watson wins face-off versus Adrian Kempe in Nashville Predators zone.
18:22 of 1st period - Shot by Brock Boeser.
18:22 of 1st period - Goal by Brock Boeser - Los Angeles Kings : 2 - Nashville Predators : 2.
18:23 of 1st period - Trevor Lewis wins face-off versus Ryan Johansen in neutral zone.
18:27 of 1st period - Icing by Dante Fabbro.
18:28 of 1st period - Blake Lizotte wins face-off versus Ryan Johansen in Nashville Predators zone.
18:49 of 1st period - Shot by Adrian Kempe.
18:49 of 1st period - Goal by Adrian Kempe - Los Angeles Kings : 3 - Nashville Predators : 2.
18:50 of 1st period - Austin Watson wins face-off versus Trevor Lewis in neutral zone.
19:59 of 1st period - Icing by Kevin Fiala.
Goals for this period are 3 for Los Angeles Kings vs 2 for Nashville Predators.
Shots for this period are 10 for Los Angeles Kings vs 14 for Nashville Predators.

2nd period


0:01 of 2nd period - Ryan Johansen wins face-off versus Blake Lizotte in neutral zone.
0:07 of 2nd period - Adrian Kempe is hit by Parker Wotherspoon and loses puck.
0:27 of 2nd period - Shot by Ryan Johansen.
0:27 of 2nd period - Stopped by Jack Campbell without a rebound.
0:28 of 2nd period - Trevor Lewis wins face-off versus Austin Watson in Los Angeles Kings zone.
0:42 of 2nd period - Shot by Philip Tomasino.
0:42 of 2nd period - Stopped by Kaapo Kahkonen without a rebound.
0:43 of 2nd period - Rasmus Kupari wins face-off versus Matt Duchene in Nashville Predators zone.
1:13 of 2nd period - Off-side.
1:14 of 2nd period - Adrian Kempe wins face-off versus Ryan Johansen in neutral zone.
1:16 of 2nd period - Off-side.
1:17 of 2nd period - Adrian Kempe wins face-off versus Ryan Johansen in neutral zone.
1:20 of 2nd period - Roman Josi is hit by Brock Boeser and loses puck.
1:29 of 2nd period - Shot by Seth Jarvis.
1:29 of 2nd period - Stopped by Jack Campbell without a rebound.
1:30 of 2nd period - Austin Watson wins face-off versus Trevor Lewis in Los Angeles Kings zone.
1:35 of 2nd period - Shot by Nick Ritchie.
1:35 of 2nd period - Shot Misses the Net.
1:55 of 2nd period - Shot by Alex Iafallo.
1:55 of 2nd period - Stopped by Kaapo Kahkonen without a rebound.
1:56 of 2nd period - Ryan Johansen wins face-off versus Adrian Kempe in Nashville Predators zone.
2:14 of 2nd period - Shot by Adrian Kempe.
2:14 of 2nd period - Stopped by Kaapo Kahkonen without a rebound.
2:15 of 2nd period - Matt Duchene wins face-off versus Jaret Anderson-Dolan in Nashville Predators zone.
2:22 of 2nd period - Shot by Matt Duchene.
2:22 of 2nd period - Stopped by Jack Campbell with a rebound.
2:28 of 2nd period - Shot by Kevin Fiala.
2:28 of 2nd period - Shot Misses the Net.
4:17 of 2nd period - Shot by Brock Boeser.
4:17 of 2nd period - Deflect By Tyler Toffoli.
4:17 of 2nd period - Shot Misses the Net.
4:29 of 2nd period - Shot by Tyler Toffoli.
4:29 of 2nd period - Shot Misses the Net.
4:31 of 2nd period - Shot by Tyler Toffoli.
4:31 of 2nd period - Stopped by Kaapo Kahkonen without a rebound.
4:32 of 2nd period - Seth Jarvis wins face-off versus Rasmus Kupari in Nashville Predators zone.
4:39 of 2nd period - Shot by Ryan Johansen.
4:39 of 2nd period - Shot Misses the Net.
4:51 of 2nd period - Shot by Rasmus Kupari.
4:51 of 2nd period - Stopped by Kaapo Kahkonen without a rebound.
4:51 of 2nd period - Minor Penalty to Kaapo Kahkonen for Delaying the game.
4:52 of 2nd period - Michael Amadio wins face-off versus Craig Smith in Nashville Predators zone.
4:52 of 2nd period - Michael Amadio is hit by Haydn Fleury.
6:37 of 2nd period - Shot by Patrik Nemeth.
6:37 of 2nd period - Shot Blocked by Filip Forsberg.
6:39 of 2nd period - Shot by Patrik Nemeth.
6:39 of 2nd period - Stopped by Kaapo Kahkonen without a rebound.
6:40 of 2nd period - Alex Iafallo wins face-off versus Matt Duchene in Nashville Predators zone.
6:45 of 2nd period - Shot by Alex Iafallo.
6:45 of 2nd period - Shot Misses the Net.
6:47 of 2nd period - Shot by Philip Tomasino.
6:47 of 2nd period - Deflect By Alex Iafallo.
6:47 of 2nd period - Shot Misses the Net.
6:51 of 2nd period - Shot by Alex Iafallo.
6:51 of 2nd period - Shot Misses the Net.
7:08 of 2nd period - Icing by Jacob Bryson.
7:09 of 2nd period - Rasmus Kupari wins face-off versus Craig Smith in Los Angeles Kings zone.
7:36 of 2nd period - Off-side.
7:37 of 2nd period - Blake Lizotte wins face-off versus Ryan Johansen in neutral zone.
7:42 of 2nd period - Shot by Michael Amadio.
7:42 of 2nd period - Stopped by Kaapo Kahkonen with a rebound.
7:52 of 2nd period - Shot by Adrian Kempe.
7:52 of 2nd period - Shot Misses the Net.
7:54 of 2nd period - Shot by Adrian Kempe.
7:54 of 2nd period - Deflect By Blake Lizotte.
7:54 of 2nd period - Shot Misses the Net.
8:18 of 2nd period - Icing by Adrian Kempe.
8:19 of 2nd period - Blake Lizotte wins face-off versus Austin Watson in Los Angeles Kings zone.
9:03 of 2nd period - Shot by Trevor Lewis.
9:03 of 2nd period - Stopped by Kaapo Kahkonen with a rebound.
9:41 of 2nd period - Icing by Dante Fabbro.
9:42 of 2nd period - Austin Watson wins face-off versus Adrian Kempe in Nashville Predators zone.
10:05 of 2nd period - Shot by Matt Duchene.
10:05 of 2nd period - Stopped by Jack Campbell without a rebound.
10:06 of 2nd period - Rasmus Kupari wins face-off versus Ryan Johansen in Los Angeles Kings zone.
10:06 of 2nd period - Rasmus Kupari is hit by Filip Forsberg.
10:12 of 2nd period - Seth Jarvis is hit by Jaret Anderson-Dolan and loses puck.
10:41 of 2nd period - Icing by Robin Salo.
10:42 of 2nd period - Trevor Lewis wins face-off versus Filip Forsberg in Nashville Predators zone.
10:59 of 2nd period - Shot by Joel Edmundson.
10:59 of 2nd period - Shot Blocked by Haydn Fleury.
10:59 of 2nd period - Haydn Fleury from Nashville Predators is injured at 10:59 of 2nd period (Bruised Right Foot).
11:00 of 2nd period - Matt Duchene wins face-off versus Adrian Kempe in Nashville Predators zone.
11:23 of 2nd period - Kevin Fiala is hit by Mikey Anderson and loses puck.
11:30 of 2nd period - Shot by Matt Duchene.
11:30 of 2nd period - Shot Misses the Net.
11:32 of 2nd period - Shot by Filip Chytil.
11:32 of 2nd period - Shot Blocked by Mikey Anderson.
11:34 of 2nd period - Shot by Roman Josi.
11:34 of 2nd period - Shot Misses the Net.
11:56 of 2nd period - Shot by Philip Tomasino.
11:56 of 2nd period - Shot Misses the Net.
12:44 of 2nd period - Shot by Jaret Anderson-Dolan.
12:44 of 2nd period - Shot Misses the Net.
13:04 of 2nd period - Shot by Adrian Kempe.
13:04 of 2nd period - Shot Blocked by Connor Murphy.
13:06 of 2nd period - Shot by Drew Doughty.
13:06 of 2nd period - Shot Misses the Net.
13:08 of 2nd period - Shot by Drew Doughty.
13:08 of 2nd period - Stopped by Kaapo Kahkonen without a rebound.
13:09 of 2nd period - Blake Lizotte wins face-off versus Matt Duchene in Nashville Predators zone.
13:14 of 2nd period - Shot by Adrian Kempe.
13:14 of 2nd period - Shot Blocked by Filip Chytil.
13:32 of 2nd period - Shot by Kevin Fiala.
13:32 of 2nd period - Shot Misses the Net.
13:49 of 2nd period - Mikey Anderson is hit by Kevin Fiala and loses puck.
14:37 of 2nd period - Filip Forsberg is hit by Patrik Nemeth and loses puck.
14:43 of 2nd period - Icing by Alex Iafallo.
14:44 of 2nd period - Trevor Lewis wins face-off versus Ryan Johansen in Los Angeles Kings zone.
14:53 of 2nd period - Shot by Alex Iafallo.
14:53 of 2nd period - Goal by Alex Iafallo - Los Angeles Kings : 4 - Nashville Predators : 2.
14:54 of 2nd period - Sam Poulin wins face-off versus Jaret Anderson-Dolan in neutral zone.
15:23 of 2nd period - Icing by Robin Salo.
15:24 of 2nd period - Trevor Lewis wins face-off versus Sam Poulin in Nashville Predators zone.
15:53 of 2nd period - Shot by Ryan Johansen.
15:53 of 2nd period - Stopped by Jack Campbell without a rebound.
15:54 of 2nd period - Austin Watson wins face-off versus Brock Boeser in Los Angeles Kings zone.
15:57 of 2nd period - Shot by Anthony Beauvillier.
15:57 of 2nd period - Shot Blocked by Adrian Kempe.
16:00 of 2nd period - Icing by Andrew Peeke.
16:01 of 2nd period - Matt Duchene wins face-off versus Adrian Kempe in Los Angeles Kings zone.
16:16 of 2nd period - Shot by Adrian Kempe.
16:16 of 2nd period - Shot Misses the Net.
16:20 of 2nd period - Shot by Tyler Toffoli.
16:20 of 2nd period - Stopped by Kaapo Kahkonen with a rebound.
16:22 of 2nd period - Shot by Tyler Toffoli.
16:22 of 2nd period - Shot Blocked by Parker Wotherspoon.
16:24 of 2nd period - Shot by Alexander Edler.
16:24 of 2nd period - Shot Blocked by Parker Wotherspoon.
16:44 of 2nd period - Shot by Jaret Anderson-Dolan.
16:44 of 2nd period - Stopped by Kaapo Kahkonen without a rebound.
16:45 of 2nd period - Ryan Johansen wins face-off versus Trevor Lewis in Nashville Predators zone.
16:51 of 2nd period - Off-side.
16:52 of 2nd period - Trevor Lewis wins face-off versus Austin Watson in neutral zone.
17:10 of 2nd period - Shot by Austin Watson.
17:10 of 2nd period - Shot Misses the Net.
17:12 of 2nd period - Shot by Austin Watson.
17:12 of 2nd period - Stopped by Jack Campbell without a rebound.
17:13 of 2nd period - Rasmus Kupari wins face-off versus Ryan Johansen in Los Angeles Kings zone.
17:26 of 2nd period - Jaret Anderson-Dolan is hit by Filip Forsberg.
18:33 of 2nd period - Shot by Alex Iafallo.
18:33 of 2nd period - Shot Blocked by Dante Fabbro.
19:00 of 2nd period - Matt Duchene is hit by Drew Doughty and loses puck.
19:20 of 2nd period - Icing by Connor Murphy.
19:21 of 2nd period - Rasmus Kupari wins face-off versus Matt Duchene in Nashville Predators zone.
19:44 of 2nd period - Austin Watson is hit by Jaret Anderson-Dolan and loses puck.
Goals for this period are 1 for Los Angeles Kings vs 0 for Nashville Predators.
Shots for this period are 12 for Los Angeles Kings vs 6 for Nashville Predators.

3rd period


0:01 of 3rd period - Adrian Kempe wins face-off versus Filip Forsberg in neutral zone.
0:05 of 3rd period - Off-side.
0:06 of 3rd period - Adrian Kempe wins face-off versus Ryan Johansen in neutral zone.
0:13 of 3rd period - Shot by Tyler Toffoli.
0:13 of 3rd period - Stopped by Kaapo Kahkonen with a rebound.
0:15 of 3rd period - Shot by Tyler Toffoli.
0:15 of 3rd period - Stopped by Kaapo Kahkonen without a rebound.
0:16 of 3rd period - Kevin Fiala wins face-off versus Trevor Lewis in Nashville Predators zone.
0:16 of 3rd period - Kevin Fiala is hit by Alex Iafallo.
0:32 of 3rd period - Shot by Trevor Lewis.
0:32 of 3rd period - Shot Blocked by Parker Wotherspoon.
0:40 of 3rd period - Shot by Alex Iafallo.
0:40 of 3rd period - Shot Blocked by Parker Wotherspoon.
1:06 of 3rd period - Seth Jarvis is hit by Trevor Lewis.
1:21 of 3rd period - Shot by Tyler Toffoli.
1:21 of 3rd period - Shot Misses the Net.
1:23 of 3rd period - Shot by Adrian Kempe.
1:23 of 3rd period - Shot Misses the Net.
1:33 of 3rd period - Shot by Adrian Kempe.
1:33 of 3rd period - Deflect By Brock Boeser.
1:33 of 3rd period - Shot Hit the Post.
1:35 of 3rd period - Shot by Alexander Edler.
1:35 of 3rd period - Shot Hit the Post.
1:39 of 3rd period - Shot by Tyler Toffoli.
1:39 of 3rd period - Stopped by Kaapo Kahkonen with a rebound.
1:41 of 3rd period - Shot by Brock Boeser.
1:41 of 3rd period - Shot Blocked by Roman Josi.
2:41 of 3rd period - Shot by Austin Watson.
2:41 of 3rd period - Shot Misses the Net.
2:53 of 3rd period - Shot by Blake Lizotte.
2:53 of 3rd period - Shot Misses the Net.
3:27 of 3rd period - Shot by Alex Iafallo.
3:27 of 3rd period - Deflect By Philip Tomasino.
3:27 of 3rd period - Shot Blocked by Kevin Fiala.
3:40 of 3rd period - Shot by Parker Wotherspoon.
3:40 of 3rd period - Stopped by Jack Campbell without a rebound.
3:41 of 3rd period - Matt Duchene wins face-off versus Tyler Toffoli in Los Angeles Kings zone.
3:59 of 3rd period - Shot by Brock Boeser.
3:59 of 3rd period - Stopped by Kaapo Kahkonen without a rebound.
4:00 of 3rd period - Craig Smith wins face-off versus Rasmus Kupari in Nashville Predators zone.
4:14 of 3rd period - Off-side.
4:15 of 3rd period - Matt Duchene wins face-off versus Adrian Kempe in neutral zone.
4:22 of 3rd period - Shot by Matt Duchene.
4:22 of 3rd period - Stopped by Jack Campbell without a rebound.
4:23 of 3rd period - Craig Smith wins face-off versus Adrian Kempe in Los Angeles Kings zone.
4:47 of 3rd period - Shot by Tyler Toffoli.
4:47 of 3rd period - Stopped by Kaapo Kahkonen with a rebound.
4:50 of 3rd period - Minor Penalty to Tyler Toffoli for Hooking.
4:51 of 3rd period - Alex Iafallo wins face-off versus Nick Ritchie in Los Angeles Kings zone.
5:00 of 3rd period - Shot by Filip Forsberg.
5:00 of 3rd period - Stopped by Jack Campbell without a rebound.
5:01 of 3rd period - Alex Iafallo wins face-off versus Filip Chytil in Los Angeles Kings zone.
6:55 of 3rd period - Shot by Adrian Kempe.
6:55 of 3rd period - Stopped by Kaapo Kahkonen without a rebound.
6:56 of 3rd period - Blake Lizotte wins face-off versus Craig Smith in Nashville Predators zone.
7:03 of 3rd period - Shot by Mikey Anderson.
7:03 of 3rd period - Stopped by Kaapo Kahkonen without a rebound.
7:04 of 3rd period - Adrian Kempe wins face-off versus Matt Duchene in Nashville Predators zone.
7:16 of 3rd period - Tyler Toffoli is hit by Dante Fabbro and loses puck.
7:19 of 3rd period - Shot by Adrian Kempe.
7:19 of 3rd period - Shot Misses the Net.
7:21 of 3rd period - Shot by Alexander Edler.
7:21 of 3rd period - Stopped by Kaapo Kahkonen without a rebound.
7:22 of 3rd period - Austin Watson wins face-off versus Trevor Lewis in Nashville Predators zone.
7:30 of 3rd period - Austin Watson beats up Mikey Anderson.
7:30 of 3rd period - Penalty to Austin Watson for Fighting.
7:30 of 3rd period - Penalty to Mikey Anderson for Fighting.
7:31 of 3rd period - Blake Lizotte wins face-off versus Ryan Johansen in Los Angeles Kings zone.
7:50 of 3rd period - Shot by Michael Amadio.
7:50 of 3rd period - Shot Blocked by Connor Murphy.
8:37 of 3rd period - Icing by Kevin Fiala.
8:38 of 3rd period - Trevor Lewis wins face-off versus Matt Duchene in Nashville Predators zone.
9:30 of 3rd period - Anthony Beauvillier is hit by Jacob Bryson and loses puck.
9:38 of 3rd period - Anthony Beauvillier is hit by Jacob Bryson and loses puck.
9:43 of 3rd period - Shot by Nick Ritchie.
9:43 of 3rd period - Deflect By Anthony Beauvillier.
9:43 of 3rd period - Shot Misses the Net.
9:45 of 3rd period - Shot by Matt Martin.
9:45 of 3rd period - Shot Misses the Net.
9:47 of 3rd period - Shot by Nick Ritchie.
9:47 of 3rd period - Stopped by Jack Campbell with a rebound.
9:49 of 3rd period - Shot by Roman Josi.
9:49 of 3rd period - Stopped by Jack Campbell with a rebound.
9:51 of 3rd period - Shot by Anthony Beauvillier.
9:51 of 3rd period - Shot Misses the Net.
9:53 of 3rd period - Shot by Roman Josi.
9:53 of 3rd period - Stopped by Jack Campbell without a rebound.
9:54 of 3rd period - Adrian Kempe wins face-off versus Ryan Johansen in Los Angeles Kings zone.
10:00 of 3rd period - Off-side.
10:01 of 3rd period - Adrian Kempe wins face-off versus Craig Smith in neutral zone.
10:06 of 3rd period - Shot by Tyler Toffoli.
10:06 of 3rd period - Shot Misses the Net.
10:13 of 3rd period - Craig Smith is hit by Alexander Edler and loses puck.
10:55 of 3rd period - Shot by Ryan Johansen.
10:55 of 3rd period - Goal by Ryan Johansen - Los Angeles Kings : 4 - Nashville Predators : 3.
10:56 of 3rd period - Kevin Fiala wins face-off versus Rasmus Kupari in neutral zone.
11:03 of 3rd period - Shot by Anthony Beauvillier.
11:03 of 3rd period - Shot Misses the Net.
11:15 of 3rd period - Shot by Anthony Beauvillier.
11:15 of 3rd period - Stopped by Jack Campbell without a rebound.
11:16 of 3rd period - Trevor Lewis wins face-off versus Ryan Johansen in Los Angeles Kings zone.
11:16 of 3rd period - Trevor Lewis is hit by Filip Forsberg.
11:30 of 3rd period - Drew Doughty is hit by Filip Forsberg.
11:40 of 3rd period - Seth Jarvis is hit by Alex Iafallo and loses puck.
12:24 of 3rd period - Shot by Matt Duchene.
12:24 of 3rd period - Shot Misses the Net.
12:26 of 3rd period - Shot by Filip Chytil.
12:26 of 3rd period - Shot Blocked by Alexander Edler.
12:57 of 3rd period - Shot by Nick Ritchie.
12:57 of 3rd period - Shot Blocked by Mikey Anderson.
12:59 of 3rd period - Shot by Austin Watson.
12:59 of 3rd period - Stopped by Jack Campbell without a rebound.
13:00 of 3rd period - Rasmus Kupari wins face-off versus Craig Smith in Los Angeles Kings zone.
13:21 of 3rd period - Matt Martin is hit by Mikey Anderson and loses puck.
13:26 of 3rd period - Shot by Craig Smith.
13:26 of 3rd period - Stopped by Jack Campbell without a rebound.
13:27 of 3rd period - Trevor Lewis wins face-off versus Austin Watson in Los Angeles Kings zone.
13:27 of 3rd period - Trevor Lewis is hit by Austin Watson.
13:45 of 3rd period - Shot by Nick Ritchie.
13:45 of 3rd period - Shot Misses the Net.
14:14 of 3rd period - Off-side.
14:15 of 3rd period - Blake Lizotte wins face-off versus Ryan Johansen in neutral zone.
15:15 of 3rd period - Icing by Dante Fabbro.
15:16 of 3rd period - Adrian Kempe wins face-off versus Craig Smith in Nashville Predators zone.
15:19 of 3rd period - Shot by Tyler Toffoli.
15:19 of 3rd period - Stopped by Kaapo Kahkonen without a rebound.
15:20 of 3rd period - Austin Watson wins face-off versus Adrian Kempe in Nashville Predators zone.
15:25 of 3rd period - Tyler Toffoli is hit by Nick Ritchie and loses puck.
15:55 of 3rd period - Icing by Parker Wotherspoon.
15:56 of 3rd period - Austin Watson wins face-off versus Trevor Lewis in Nashville Predators zone.
17:11 of 3rd period - Minor Penalty to Roman Josi for Tripping.
17:12 of 3rd period - Austin Watson wins face-off versus Michael Amadio in Nashville Predators zone.
17:33 of 3rd period - Shot by Mikey Anderson.
17:33 of 3rd period - Shot Misses the Net.
17:35 of 3rd period - Shot by Brock Boeser.
17:35 of 3rd period - Stopped by Kaapo Kahkonen without a rebound.
17:35 of 3rd period - Minor Penalty to Kaapo Kahkonen for Slashing.
17:36 of 3rd period - Michael Amadio wins face-off versus Austin Watson in Nashville Predators zone.
17:43 of 3rd period - Shot by Brock Boeser.
17:43 of 3rd period - Stopped by Kaapo Kahkonen without a rebound.
17:44 of 3rd period - Craig Smith wins face-off versus Alex Iafallo in Nashville Predators zone.
17:44 of 3rd period - Craig Smith is hit by Adrian Kempe.
17:53 of 3rd period - Off-side.
17:54 of 3rd period - Austin Watson wins face-off versus Michael Amadio in neutral zone.
18:13 of 3rd period - Shot by Mikey Anderson.
18:13 of 3rd period - Shot Blocked by Parker Wotherspoon.
19:27 of 3rd period - Shot by Brock Boeser.
19:27 of 3rd period - Stopped by Kaapo Kahkonen without a rebound.
19:28 of 3rd period - Michael Amadio wins face-off versus Matt Martin in Nashville Predators zone.
19:31 of 3rd period - Shot by Trevor Lewis.
19:31 of 3rd period - Deflect By Dylan Guenther.
19:31 of 3rd period - Stopped by Kaapo Kahkonen without a rebound.
19:32 of 3rd period - Michael Amadio wins face-off versus Austin Watson in Nashville Predators zone.
19:47 of 3rd period - Nashville Predators, Kaapo Kahkonen is pulled from the net.
19:52 of 3rd period - Shot by Matt Duchene.
19:52 of 3rd period - Stopped by Jack Campbell with a rebound.
19:54 of 3rd period - Shot by Roman Josi.
19:54 of 3rd period - Stopped by Jack Campbell with a rebound.
19:56 of 3rd period - Shot by Roman Josi.
19:56 of 3rd period - Goal by Roman Josi - Los Angeles Kings : 4 - Nashville Predators : 4.
19:56 of 3rd period - Kaapo Kahkonen from Nashville Predators was sent back in the game.
19:57 of 3rd period - Ryan Johansen wins face-off versus Rasmus Kupari in neutral zone.
19:57 of 3rd period - Filip Forsberg is hit by Dylan Guenther and loses puck.
Goals for this period are 0 for Los Angeles Kings vs 2 for Nashville Predators.
Shots for this period are 13 for Los Angeles Kings vs 13 for Nashville Predators.

Overtime #1


0:01 of 1st overtime period - Adrian Kempe wins face-off versus Matt Duchene in neutral zone.
1:09 of 1st overtime period - Shot by Alex Iafallo.
1:09 of 1st overtime period - Stopped by Kaapo Kahkonen without a rebound.
1:10 of 1st overtime period - Brock Boeser wins face-off versus Matt Duchene in Nashville Predators zone.
1:13 of 1st overtime period - Shot by Brock Boeser.
1:13 of 1st overtime period - Stopped by Kaapo Kahkonen without a rebound.
1:14 of 1st overtime period - Matt Duchene wins face-off versus Brock Boeser in Nashville Predators zone.
1:40 of 1st overtime period - Shot by Brock Boeser.
1:40 of 1st overtime period - Goal by Brock Boeser - Los Angeles Kings : 5 - Nashville Predators : 4.
Goals for this period are 1 for Los Angeles Kings vs 0 for Nashville Predators.
Shots for this period are 3 for Los Angeles Kings vs 0 for Nashville Predators.